 Dungeon Crawl Stone Soup version 0.17-a0-877-ga10078a (webtiles) character file.

8551 RobertPalmer the Martial Artist (level 11, -10/63 HPs)
             Began as a Vine Stalker Transmuter on Apr 30, 2015.
             Was a High Priest of Makhleb.
             Mangled by a manticore (14 damage)
             ... on level 12 of the Dungeon.
             The game lasted 00:22:20 (9315 turns).

RobertPalmer the Martial Artist (VSTm)              Turns: 9315, Time: 00:22:20

Health: -10/63     AC: 16    Str: 12    XL:     11   Next: 32%
Magic:  0/16       EV: 12    Int: 16    God:    Makhleb [*****.]
Gold:   338        SH:  0    Dex: 18    Spells: 1 memorised, 13 levels left

rFire  . . .     SeeInvis .       - Unarmed
rCold  + . .     Clarity  .     g - +1 robe of Trog's Anger {rElec rC+ Regen+ Int+2}
rNeg   . . .     SustAb   .     (no shield)
rPois  .         Gourm    .     (no helmet)
rElec  +         Spirit   +     m - +0 cloak
rCorr  .         Warding  .     F - +0 pair of gloves
rMut   .         Stasis   .     x - +2 pair of boots
MR     +....                    (no amulet)
Stlth  ++........               p - +3 ring of protection
                                G - +4 ring of protection

@: about to teleport, manticore barbs, somewhat resistant to hostile
enchantments, unstealthy
A: fangs 3, regeneration 2, shaggy fur 1, magic shield, antimagic bite, no
device heal 3, rot immunity
a: Minor Destruction, Lesser Servant of Makhleb, Major Destruction, Greater
Servant of Makhleb, Renounce Religion


You were on level 12 of the Dungeon.
You worshipped Makhleb.
Makhleb was extremely pleased with you.
You were hungry.

You visited 1 branch of the dungeon, and saw 11 of its levels.

You collected 338 gold pieces.

Inventory:

Hand weapons
 b - a +6 blowgun of evasion
   (You took it off a kobold on level 6 of the Dungeon)
Missiles
 a - 64 arrows
 e - 8 curare-tipped needles
 L - 17 poisoned arrows
 P - 45 poisoned needles
Armour
 g - the +1 robe of Trog's Anger (worn) {rElec rC+ Regen+ Int+2}
   (You found it on level 7 of the Dungeon)

   It affects your intelligence (+2).
   It protects you from cold.
   It insulates you from electricity.
   It increases your rate of regeneration.
 m - a +0 cloak (worn)
   (You found it on level 1 of the Dungeon)
 x - a +2 pair of boots (worn)
   (You found it on level 11 of the Dungeon)
 F - a +0 pair of gloves (worn)
   (You found it on level 4 of the Dungeon)
 I - a +1 leather armour of fire resistance
   (You took it off an orc on level 4 of the Dungeon)
 N - a +2 leather armour of poison resistance
   (You took it off Eustachio on level 5 of the Dungeon)
 T - a +0 troll leather armour {regen}
   (You found it on level 7 of the Dungeon)
 W - the +1 leather armour of the Duchess {rF++ rC+ rN+, unknown}
   (You found it on level 11 of the Dungeon)

   It greatly protects you from fire.
   It protects you from cold.
   It protects you from negative energy.
Jewellery
 k - an uncursed ring of ice {rC+, rF-}
   (You found it on level 1 of the Dungeon)
 p - a +3 ring of protection (right hand)
   (You found it on level 2 of the Dungeon)
 q - an uncursed ring of teleportation {+/*tele, !d}
   (You found it on level 2 of the Dungeon)
 G - a +4 ring of protection (left hand)
   (You found it on level 4 of the Dungeon)
 V - an uncursed amulet of the gourmand {unknown}
   (You found it on level 11 of the Dungeon)
 X - an uncursed ring of see invisible {unknown}
   (You found it on level 12 of the Dungeon)
Magical devices
 i - a wand of slowing (24)
   (You found it on level 11 of the Dungeon)
 y - a wand of teleportation (0)
   (You took it off Ijyb on level 3 of the Dungeon)
 J - a wand of heal wounds (5)
   (You found it on level 4 of the Dungeon)
 U - a wand of frost (14)
   (You took it off a goblin on level 8 of the Dungeon)
Scrolls
 l - 3 scrolls of teleportation
 s - 2 scrolls of identify
 z - 6 scrolls of remove curse
 A - 3 scrolls of magic mapping {!r}
 O - 3 scrolls of fog
 Y - a scroll of enchant weapon
Potions
 f - 2 potions of cancellation {unknown}
 h - 6 potions of curing {unknown}
 j - 2 potions of agility {unknown}
 n - 2 potions of haste {unknown}
 r - a potion of experience {unknown}
 u - 2 potions of resistance {unknown}
 v - 4 potions of heal wounds {unknown}
 w - a potion of mutation {unknown}
 B - 3 potions of might {unknown}
 E - a potion of brilliance {unknown}
 K - a potion of magic {unknown}
 M - 2 potions of poison {unknown}
 R - a potion of invisibility {unknown}
Books
 c - a book of Changes
 t - a book of the Tempests
   (You found it on level 8 of the Dungeon)
 D - a book of Power
   (You found it on level 4 of the Dungeon)
 H - a book of Conjurations
   (You found it on level 8 of the Dungeon)
Comestibles
 d - 12 bread rations {@e1}
 o - 4 meat rations {@e2}
 C - 9 slices of pizza
 Q - 7 fruits
 S - 3 beef jerkies


   Skills:
 - Level 9.8 Fighting
 - Level 1.5 Dodging
 - Level 12.4 Unarmed Combat
 - Level 2.1 Spellcasting
 - Level 2.0 Transmutations
 + Level 5.7 Invocations


You had 13 spell levels left.
You knew the following spells:

 Your Spells              Type           Power        Failure   Level  Hunger
a - Beastly Appendage     Trmt           #.....       10%         1    #......


Dungeon Overview and Level Annotations

Branches:
Dungeon (12/15)            Temple (0/1) D:7             Orc (0/4) D:9
   Lair: D:8-11

Altars:
Ashenzari
Cheibriados
Dithmenos
Elyvilon
Gozag
Kikubaaqudgha
Makhleb
Okawaru
Qazlal
Ru
Trog
Vehumet
Yredelemnul
Beogh

Annotations:
D:12 Frances


Innate Abilities, Weirdness & Mutations

You have razor-sharp teeth.
You heal very quickly.
You are covered in fur (AC +1).
When hurt, damage is shared between your health and your magic reserves.
Your bite disrupts and absorbs the magic of your enemies.
Potions and wands cannot restore your health.
You are immune to rotting.


Message History

You hit the shadow but do no damage. You punch the shadow! The shadow hits you!
You take 6 damage, and have 43/63 hp.
You now have 10/15 mp.
You hit the shadow but do no damage. The shadow hits you!
You take 6 damage, and have 37/63 hp.
You now have 9/15 mp.
You hit the shadow but do no damage. You bite the shadow, but do no damage.
You punch the shadow!
You destroy the shadow!
Makhleb accepts your kill.
Your Invocations skill increases to level 5!
Things that are here:
a whip; 17 stones There isn't anything to butcher here.
The hill giant shouts!
The hill giant is too close now for your liking.
You regained 7 hp, and now have 48/63 hp.
A hill giant is nearby!
A hill giant is nearby!
A hill giant is nearby!
You don't know that spell.
Unknown command.
You grow a pair of large bovine horns.
You now have 10/15 mp.
The hill giant hits you with a giant club!!
You take 17 damage, and have 32/63 hp.
MASSIVE DAMAGE!!
You now have 7/15 mp.
You punch the hill giant! You bite the hill giant! You drain its power.
You feel invigorated.
A manticore comes into view.
MP restored: 15 Unknown command.
You hit the hill giant. You headbutt the hill giant. You bite the hill giant.
You drain its power. The hill giant misses you.
Unknown command.
You barely miss the hill giant. You headbutt the hill giant!
Your transformation is almost over.
You punch the hill giant! You headbutt the hill giant!
You kill the hill giant!
Makhleb accepts your kill.
You feel a little better.
You are feeling hungry.
You regained 13 hp, and now have 47/63 hp.
The manticore flicks its tail.
The volley of spikes hits you!
The barbed spikes become lodged in your body.
Things that are here:
a giant club; a hill giant corpse You take 11 damage, and have 36/63 hp.
You now have 12/16 mp.
Unknown command.
The manticore flicks its tail.
The volley of spikes hits you!
The barbed spikes become lodged in your body.
You take 7 damage, and have 30/63 hp.
You now have 9/16 mp.
You hit the manticore but do no damage.
You punch the manticore, but do no damage.
You bite the manticore. You drain its power.
You feel invigorated. The manticore bites you!!
The manticore claws you but does no damage.
The manticore barely misses you.
You take 13 damage, and have 19/63 hp.
MASSIVE DAMAGE!!
You now have 9/16 mp.
You hit the manticore but do no damage. You headbutt the manticore.
You bite the manticore. You drain its power.
You feel invigorated. The manticore bites you!!
* * * LOW HITPOINT WARNING * * *
The manticore claws you but does no damage.
The manticore claws you.
* * * LOW HITPOINT WARNING * * *
You take 15 damage, and have 4/63 hp.
MASSIVE DAMAGE!!
You now have 3/16 mp.
Read which item? (? for menu, Esc to quit)
Okay, then.
Drink which item? (? for menu, Esc to quit)
Okay, then.
Read which item? (? for menu, Esc to quit)
As you read the scroll of teleportation, it crumbles to dust.
You feel strangely unstable. The manticore barely misses you.
The manticore closely misses you. The manticore closely misses you.
Unknown command.
Unknown command.
Unknown command.
Okay, then.
Drink which item? (? for menu, Esc to quit)
Okay, then.
Read which item? (? for menu, Esc to quit)
Okay, then.
You barely miss the manticore. Your headbutt misses the manticore.
You bite the manticore, but do no damage.
Your horns disappear.
The manticore barely misses you. x2
The manticore claws you.
* * * LOW HITPOINT WARNING * * *
You take 3 damage, and have 2/63 hp.
You now have 1/16 mp.
You barely miss the manticore. You closely miss the manticore.
Your bite misses the manticore. The manticore bites you!
You die...

#.# ##..# ## #.# #...#
...# '.# ####..#### #
#.###........# ###
#.##..###....# ....
##............# ##.. ..
##.....#####...## #
#8..8#..H#### #.#..# ..
........@#### #.##.# .#
............#####>##.##
.
###..##........#.##..##
#..# ##.#............##
...# #............)..#
.# ##.........(.....
#...............
#......)........
#...............


You could see a manticore.

Vanquished Creatures
  2 hill giants (D:12)
  A manticore (D:11)
  A gargoyle (D:11)
  2 kobold demonologists (D:11)
  A komodo dragon (D:9)
  6 yaks (D:9)
  A deep elf mage (D:9)
  2 steam dragons (D:5)
  A shadow (D:12)
  A human (D:7)
  Eustachio (D:5)
  2 hippogriffs
  Edmund (D:5)
  A mottled dragon (D:12)
  A soldier ant (D:11)
  2 sky beasts
  An ice beast (D:5)
  A phantom (D:6)
  4 centaurs
  2 orc warriors
  9 ogres
  A crocodile (D:9)
  A giant frog (D:8)
  2 scorpions
  4 wights (D:7)
  3 hounds
  3 crimson imps
  A centaur zombie (D:5)
  2 giant frog zombies
  2 jellies
  A wasp zombie (D:6)
  2 centaur skeletons
  2 giant frog skeletons
  5 orc priests
  Ijyb (D:3)
  11 orc wizards
  3 iguanas
  4 sheep (D:7)
  7 worker ants
  2 hound skeletons
  6 gnolls
  8 adders
  4 shadow imps
  2 adder zombies
  An adder skeleton (D:8)
  8 giant geckos
  22 orcs
  A ball python (D:1)
  A bat skeleton (D:4)
  2 bat zombies (D:2)
  4 giant cockroaches
  20 hobgoblins
  7 jackals
  6 quokkas
  A ball python zombie (D:5)
  9 bats
  A giant cockroach zombie (D:5)
  A giant gecko skeleton (D:8)
  8 giant newts
  2 giant spores (D:8)
  26 goblins
  18 kobolds
  A quokka zombie (D:5)
  19 rats
  2 rat zombies (D:2)
  A spectral orc (D:4)
  6 ballistomycetes (D:8)
287 creatures vanquished.

Notes
Turn   | Place    | Note
--------------------------------------------------------------
     0 | D:1      | RobertPalmer, the Vine Stalker Transmuter, began the quest for the Orb.
     0 | D:1      | Reached XP level 1. HP: 9/9 MP: 4/4
    56 | D:1      | HP: 2/9 [jackal (2)]
    63 | D:1      | HP: 1/9 [jackal (1)]
    66 | D:1      | Reached XP level 2. HP: 1/14 MP: 6/6
    94 | D:1      | HP: 3/14 [kobold/short sword (1)]
   356 | D:1      | Reached skill level 4 in Unarmed Combat
   396 | D:1      | Reached XP level 3. HP: 8/17 MP: 3/7
  1080 | D:2      | Reached XP level 4. HP: 8/21 MP: 6/8
  1218 | D:2      | Reached skill level 5 in Unarmed Combat
  1370 | D:2      | Found a shattered altar of Ashenzari.
  1780 | D:2      | Found an ancient bone altar of Kikubaaqudgha.
  2118 | D:3      | Reached XP level 5. HP: 15/25 MP: 7/9
  2348 | D:3      | Noticed Ijyb
  2391 | D:3      | Found a burning altar of Makhleb.
  2403 | D:3      | Reached skill level 6 in Unarmed Combat
  2410 | D:3      | Became a worshipper of Makhleb the Destroyer
  2449 | D:3      | Killed Ijyb
  2808 | D:4      | Gained mutation: You heal very quickly. [Vine Stalker growth]
  2808 | D:4      | Reached XP level 6. HP: 29/29 MP: 10/10
  2879 | D:4      | Noticed an ogre
  2888 | D:4      | Killed an ogre
  2888 | D:4      | Reached skill level 7 in Unarmed Combat
  2916 | D:4      | Found a snail-covered altar of Cheibriados.
  3013 | D:4      | Noticed an ogre
  3021 | D:4      | Killed an ogre
  3097 | D:4      | Reached XP level 7. HP: 27/32 MP: 11/11
  3166 | D:4      | Noticed an ogre
  3173 | D:4      | Killed an ogre
  3173 | D:4      | Reached skill level 8 in Unarmed Combat
  3203 | D:4      | Acquired Makhleb's first power
  3248 | D:4      | Found a basalt altar of Yredelemnul.
  3916 | D:5      | Entered Level 5 of the Dungeon
  4021 | D:5      | Reached skill level 9 in Unarmed Combat
  4115 | D:5      | Gained mutation: You have razor-sharp teeth. [Vine Stalker growth]
  4115 | D:5      | Reached XP level 8. HP: 37/37 MP: 12/12
  4174 | D:5      | Acquired Makhleb's second power
  4258 | D:5      | Noticed Eustachio
  4314 | D:5      | Killed Eustachio
  4314 | D:5      | Reached skill level 10 in Unarmed Combat
  4390 | D:5      | Noticed Edmund
  4405 | D:5      | Killed Edmund
  4737 | D:5      | Noticed a steam dragon
  4738 | D:5      | Noticed a steam dragon
  4757 | D:5      | Killed a steam dragon
  4762 | D:5      | Killed a steam dragon
  4762 | D:5      | Reached skill level 11 in Unarmed Combat
  4888 | D:6      | Reached XP level 9. HP: 40/40 MP: 13/13
  5335 | D:6      | Acquired Makhleb's third power
  5435 | D:6      | Reached skill level 12 in Unarmed Combat
  6107 | D:7      | Found a staircase to the Ecumenical Temple.
  6358 | D:7      | Reached skill level 1 in Fighting
  6454 | D:7      | Got a smoking robe
  6469 | D:7      | Reached skill level 2 in Fighting
  6511 | D:7      | Reached skill level 3 in Fighting
  6526 | D:7      | Found a shadowy altar of Dithmenos.
  6557 | D:7      | Found a sacrificial altar of Ru.
  6558 | D:7      | Found an opulent altar of Gozag.
  6559 | D:7      | Found a bloodstained altar of Trog.
  6559 | D:7      | Found a burning altar of Makhleb.
  6559 | D:7      | Found a white marble altar of Elyvilon.
  6559 | D:7      | Found an iron altar of Okawaru.
  6730 | D:7      | Reached skill level 4 in Fighting
  6796 | D:7      | Identified the +1 robe of Trog's Anger {rElec rC+ Regen+ Int+2} (You found it on level 7 of the Dungeon)
  6966 | D:8      | Acquired Makhleb's fourth power
  7117 | D:8      | Found a radiant altar of Vehumet.
  7145 | D:8      | Reached skill level 5 in Fighting
  7421 | D:8      | Reached XP level 10. HP: 51/51 MP: 14/14
  7574 | D:8      | Found a stormy altar of Qazlal.
  7743 | D:9      | Reached skill level 6 in Fighting
  7844 | D:9      | Found a staircase to the Orcish Mines.
  7872 | D:9      | Found a roughly hewn altar of Beogh.
  7903 | D:9      | Reached skill level 7 in Fighting
  7995 | D:9      | Reached skill level 8 in Fighting
  8218 | D:9      | You fall through a shaft for 3 floors!
  8218 | D:12     | Noticed a hill giant
  8294 | D:12     | Noticed Frances
  8301 | D:12     | HP: 12/57 [Frances/hand axe of flaming (7)]
  8474 | D:11     | Acquired Makhleb's fifth power
  8506 | D:11     | HP: 14/57 [orc warrior/glaive (17)]
  8542 | D:11     | Reached skill level 9 in Fighting
  8695 | D:11     | Reached XP level 11. HP: 63/63 MP: 15/15
  8731 | D:11     | Got a crude leather armour
  8738 | D:11     | Reached skill level 2 in Invocations
  8851 | D:11     | Reached skill level 3 in Invocations
  8976 | D:11     | Reached skill level 4 in Invocations
  9236 | D:12     | Noticed a hill giant
  9247 | D:12     | Killed a hill giant
  9289 | D:12     | Reached skill level 5 in Invocations
  9302 | D:12     | Noticed a manticore
  9304 | D:12     | Killed a hill giant
  9311 | D:12     | HP: 8/63 [manticore (11)]
  9313 | D:12     | HP: 2/63 [manticore (4)]
  9315 | D:12     | Mangled by a manticore

Action                   |  1- 3 |  4- 6 |  7- 9 | 10-12 || total
-------------------------+-------+-------+-------+-------++-------
Melee: Unarmed           |   132 |   171 |   462 |   292 ||  1057
 Cast: Beastly Appendage |       |     3 |    10 |     9 ||    22
Evoke: Wand              |       |       |     3 |     2 ||     5
  Use: Scroll            |       |    10 |     9 |     4 ||    23
 Stab: Distracted        |       |       |     1 |     1 ||     2
  Eat: Chunk             |       |     7 |    13 |     6 ||    26
       Beef jerky        |       |       |     1 |       ||     1

Vault maps used:
D:1:      sevenhm_arrival_forest_fort_small_6, grunt_decor_mini_mirrors,
          minmay_misc_feat_tower, kennysheep_doodads, st_stairs_6,
          roderic_lattice_a
D:2:      kennysheep_the_goblin_king, lemuel_zombie_altar_kikubaaqudgha,
          first_bread, grunt_ashenzari_visionary
D:3:      makhleb_blood_cavern_becter, uniq_iyjb
D:4:      wad_crossroads, yredelemnul_forgotten_temple_becter,
          nicolae_overflow_hidden_temple, kennysheep_cluttered_room
D:5:      kennysheep_steamy, uniq_eustachio, uniq_edmund
D:6:      kennysheep_six_static_rooms
D:7:      grunt_temple_overflow_open, temple_pool_b, grunt_livestock,
          minmay_door_square, nicolae_dithmenos_through_a_glass_darkly
D:8:      vehumet_altar_wand_db, lemuel_coloured_pillars_altar
D:9:      erik_lair_dragon, minmay_orc_entry_temple_small
D:12:     jmf_multi_god_temple, uniq_frances, uniq_josephine

Table legend:
 A = Turns spent in this place as a percentage of turns spent in the entire game.
 B = Non-inter-level travel turns spent in this place as a percentage of non-inter-level travel turns spent in the entire game.
 C = Inter-level travel turns spent in this place as a percentage of turns spent in this place.
 D = Turns resting spent in this place as a percentage of non-inter-level travel turns spent in this place.
 E = Turns spent auto-exploring this place as a percentage of non-inter-level travel turns spent in this place.
 F = Non-inter-level travel turns spent in this place divided by the number of levels of this place that you've seen.
                   A       B       C       D       E      F
               +-------+-------+-------+-------+-------+----------------------
         Total | 100.0 | 100.0 |   0.4 |   0.2 |   8.6 | 355.5
       Dungeon | 100.0 | 100.0 |   0.4 |   0.2 |   8.6 | 355.5
               +-------+-------+-------+-------+-------+----------------------

Table legend:
 A = Kills in this place as a percentage of kills in entire the game.
 B = Kills by you in this place as a percentage of kills by you in the entire game.
 C = Kills by friends in this place as a percentage of kills by friends in the entire game.
 D = Other kills in this place as a percentage of other kills in the entire game.
 E = Experience gained in this place as a percentage of experience gained in the entire game.
 F = Experience gained in this place divided by the number of levels of this place that you have seen.
                   A       B       C       D       E      F
               +-------+-------+-------+-------+-------+----------------------
         Total | 100.0 | 100.0 |  -nan |  -nan | 100.0 | 1110.5
       Dungeon | 100.0 | 100.0 |  -nan |  -nan | 100.0 | 1110.5
               +-------+-------+-------+-------+-------+----------------------
